Workbook

Sheet Igual a otra cot
B3: COSTOS FORMULACIÓN DE PROYECTO, CONSTRUCCIÓN MEJORAMIENTO Y AMPLIACIÓN DE LA CANCHA DE FUTBOL DEL MUNICIPIO DE BURITICA ANTIOQUIA
B4: ITEM | C4: DESCRIPCIÓN | D4: UNIDAD | E4: CANTIDAD | F4: VR UNITARIO | G4: VR TOTAL
B5: 1 | C5: Formulación del proyecto
B6: 1.1 | C6: Levantamiento de Información | G6: =SUM(G7:G8) -> 19000000
B7: 1.1.1 | C7: Levantamiento Topografico | D7: m2 | E7: 5000 | F7: 800 | G7: =F7*E7 -> 4000000
B8: 1.1.2 | C8: Estudio de Suelos | D8: Unidad | E8: 1 | F8: 15000000 | G8: =F8*E8 -> 15000000
B9: 1.2 | C9: Diseños | G9: =SUM(G10:G14) -> 84821000
B10: 1.2.1 | C10: Diseño Arquitectónico | D10: m2 | E10: =4464*2 -> 8928 | F10: 4500 | G10: =F10*E10 -> 40176000
B11: 1.2.2 | C11: Diseño Estructural | D11: m2 | E11: 8929 | F11: 5000 | G11: =F11*E11 -> 44645000 | J11: Item | K11: Descripción | L11: Vr
J12: 1 | K12: =B3 -> COSTOS FORMULACIÓN DE PROYECTO, CONSTRUCCIÓN MEJORAMIENTO Y AMPLIACIÓN DE LA CANCHA DE FUTBOL DEL MUNICIPIO DE BURITICA ANTIOQUIA | L12: =G24 -> 123546990
J13: 2 | K13: =#REF! -> #REF! | L13: =#REF! -> #REF!
J14: 3 | K14: =#REF! -> #REF! | L14: =#REF! -> #REF!
J16: VALOR TOTAL | L16: =SUM(L12:L15) -> #REF!
B22: SUBTOTAL | G22: =G6+G9+G15 -> 103821000
B23: IVA 19% | G23: =G22*0.19 -> 19725990
B24: TOTAL | G24: =G22+G23 -> 123546990
C27: =G24+#REF!+#REF! -> #REF!

Sheet Edificio Casa Maya
A1: COSTOS FORMULACIÓN DE PROYECTO, COSTOS FORMULACIÓN DE PROYECTO, CONSTRUCCIÓN DE EDIFICIO DE 5 PLANTAS CASA MAYA EN EL MUNICIPIO DE BURITICA ANTIOQUIA
A2: ITEM | B2: DESCRIPCIÓN | C2: UNIDAD | D2: CANTIDAD | E2: VR UNITARIO | F2: VR TOTAL
A3: 1 | B3: Formulación del proyecto
A4: 1.1 | B4: Levantamiento de Información | F4: =SUM(F5:F6) -> 24351186 | G4: =F4*1.19 -> 28977911
A5: 1.1.1 | B5: Levantamiento Topografico | C5: m2 | D5: =2665/4 -> 666.25 | E5: =TOPO!G22 -> 2549.6221 | F5: =E5*D5 -> 1698685.8 | G5: =F5*1.19 -> 2021436.1
A6: 1.1.2 | B6: Estudio de Suelos | C6: m2 | D6: 2665 | E6: =SUELOS!J19 -> 8500 | F6: =E6*D6 -> 22652500 | G6: =F6*1.19 -> 26956475
A7: 1.2 | B7: Diseños | F7: =SUM(F8:F11) -> 1.2792e+08 | G7: =F7*1.19 -> 152224800
A8: 1.2.1 | B8: Diseño Arquitectónico | C8: m2 | D8: =D6 -> 2665 | E8: =ARQ!G16 -> 12500 | F8: =E8*D8 -> 33312500 | G8: =F8*1.19 -> 39641875
A9: 1.2.2 | B9: Diseño Estructural | C9: m2 | D9: =D8 -> 2665 | E9: =ESTR!G16 -> 12500 | F9: =E9*D9 -> 33312500 | G9: =F9*1.19 -> 39641875
A10: 1.2.3 | B10: Diseño Elétrico | C10: und | D10: =D9 -> 2665 | E10: =ELECTRICO!G16 -> 11500 | F10: =E10*D10 -> 30647500 | G10: =F10*1.19 -> 36470525
A11: 1.2.4 | B11: Diseño Hidrosanitario | C11: und | D11: =D10 -> 2665 | E11: =HIDRO!G16 -> 11500 | F11: =E11*D11 -> 30647500 | G11: =F11*1.19 -> 36470525
A12: 1.3 | B12: Formulación | F12: =SUM(F13:F17) -> 15500000 | G12: =F12*1.19 -> 18445000
A13: 1.3.1 | B13: Analisis de Riesgo | C13: und | D13: 1 | E13: ='ANALISIS DE RIESGO'!G16 -> 2500000 | F13: =E13*D13 -> 2500000
A14: 1.3.2 | B14: Plan de Manejo Ambiental | C14: und | D14: 1 | E14: =PMA!G16 -> 3500000 | F14: =E14*D14 -> 3500000
A15: 1.3.3 | B15: Especificaciones tecnicas de construcción | C15: und | D15: 1 | E15: ='ESPECIFICACIONES TECNICAS'!G16 -> 2250000 | F15: =E15*D15 -> 2250000
A16: 1.3.4 | B16: Plan de Sostenibilidad | C16: und | D16: 1 | E16: ='P. SOSTENIBILIDAD'!G16 -> 2250000 | F16: =E16*D16 -> 2250000
A17: 1.3.5 | B17: Presupuesto Detallado (Presupuesto de Obra, APU, Memoria de Cantidades, AIU, Presupuesto de Interventoria) | C17: und | D17: 1 | E17: =PRESUPUESTO!G16 -> 5000000 | F17: =E17*D17 -> 5000000
A18: TOTAL COSTOS DIRECTOS | F18: =F4+F7+F12 -> 1.6777119e+08
A19: IVA | F19: =F18*0.19 -> 31876525
A20: TOTAL | F20: =F18+F19 -> 1.9964771e+08

Sheet TOPO
A1: ESTUDIOS Y DISEÑOS PARA LA CONSTRUCCIÓN DE EDIFICIO DE 5 PLANTAS CASA MAYA EN EL MUNICIPIO DE BURITICA ANTIOQUIA
A2: LEVANTAMIENTO TOPOGRAFICO
A3: GRUPO 1. COSTOS DIRECTOS DE PERSONAL
A4: ENTREGABLE | B4: CARGO U OFICIO | C4: CANTIDAD | D4: SUELDO Y/O JORNAL MENSUAL | E4: DEDICACIÓN MENSUAL | F4: PLAZO DE EJECUCIÓN (MESES) | G4: VALOR PARCIAL
A5: II | B5: Director de consultoría | C5: 1 | D5: =+'[1]E. TRANSITO QUEBRADONA'!D5 -> 8000000 | E5: 0.1 | F5: 7.9128447e-05 | G5: =+D5*E5*F5 -> 63.302758
B6: Topógrafo | C6: 1 | D6: 2800000 | E6: 1 | F6: =F5 -> 7.9128447e-05 | G6: =+D6*E6*F6 -> 221.55965
B7: Dibujante | C7: 1 | D7: 1850000 | E7: 1 | F7: =F6 -> 7.9128447e-05 | G7: =+D7*E7*F7 -> 146.38763
B8: Cadenero primero | C8: 1 | D8: 1500000 | E8: 1 | F8: =F7 -> 7.9128447e-05 | G8: =+D8*E8*F8 -> 118.69267
B9: Cadenero segundo | C9: 1 | D9: 1300606 | E9: 1 | F9: =+F8 -> 7.9128447e-05 | G9: =+D9*E9*F9 -> 102.91493
B10: SUBTOTAL COSTOS | G10: =SUM(G5:G9) -> 652.85764
B11: Factor multiplicador (FM) | G11: 2.16
B12: Costo personal con FM | G12: =+G10*G11 -> 1410.1725
B14: DESCRIPCION | C14: UNIDAD | D14: CANTIDAD | E14: DEDICACIÓN MENSUAL | F14: VALOR MENSUAL Y/O PRIMA DE LOCALIZACIÓN | G14: VALOR PARCIAL
B15: Gastos de viaje | C15: mes | D15: 3 | E15: =F9 -> 7.9128447e-05 | F15: 800000 | G15: =F15*E15*D15 -> 189.90827
B16: Nivel de precisión | C16: mes | D16: 1 | E16: =E15 -> 7.9128447e-05 | F16: 2400000 | G16: =+F16*E16 -> 189.90827
B17: Estación total | D17: 1 | E17: =E16 -> 7.9128447e-05 | F17: 3600000 | G17: =+F17*E17 -> 284.86241
B18: Fotocopias, edición de informes registro, fotográficos, planos y otros | C18: un | D18: 1 | E18: =E17 -> 7.9128447e-05 | F18: 100000 | G18: =+F18*E18 -> 7.9128447
B19: Georeferenciación (incluye un punto por km con GPS de precisión milimétrica (debidamente certificado) materializados en campo con mojones en concreto y platina de bronce) | C19: punto | D19: 1 | E19: =E18 -> 7.9128447e-05 | F19: 900000 | G19: =F19*E19 -> 71.215603
B20: Vehículo doble tracción, doble cabina 2400 CC o superior (modelo 2015 o superior) tarifa de alquiler tiempo completo, incluye combustible y conductor. Se debe garantizar permanencia de los vehículos durante toda la ejecución del proyecto. | C20: Und | D20: 1 | E20: =E19 -> 7.9128447e-05 | F20: 5000000 | G20: =D20*E20*F20 -> 395.64224
B21: SUBTOTAL OTROS COSTOS DIRECTOS | G21: =SUM(G15:G20) -> 1139.4496
A22: VALOR TOTAL COSTO DIRECTO | G22: =+G21+G12 -> 2549.6221
A23: Elaboró:

Sheet SUELOS
A1: ESTUDIOS Y DISEÑOS PARA LA CONSTRUCCIÓN DE EDIFICIO DE 5 PLANTAS CASA MAYA EN EL MUNICIPIO DE BURITICA ANTIOQUIA
A2: ESTUDIO GEOTECNICO
A3: ENTREGABLE | B3: CARGO U OFICIO | F3: CANTIDAD | G3: SUELDO Y/O JORNAL MENSUAL | H3: DEDICACIÓN MENSUAL | I3: PLAZO DE EJECUCIÓN (MESES) | J3: VALOR PARCIAL
A4: VII | B4: Director de consultoría | F4: 1 | G4: 8000000 | H4: 0.1 | I4: 0.00038841162 | J4: =+G4*H4*I4 -> 310.7293
B5: Ingeniero especialista en geotecnía | F5: 1 | G5: 6000000 | H5: 1 | I5: =I4 -> 0.00038841162 | J5: =+G5*H5*I5 -> 2330.4697
B6: Dibujante | F6: 1 | G6: 1850000 | H6: 1 | I6: =I5 -> 0.00038841162 | J6: =+G6*H6*I6 -> 718.56151
B7: SUBTOTAL COSTOS | J7: =+J4+J5+J6 -> 3359.7606
B8: Factor multiplicador (FM) | J8: 2.16
B9: Costo personal con FM | J9: =+J7*J8 -> 7257.0828
B11: DESCRIPCION | F11: UNIDAD | G11: CANTIDAD | H11: DEDICACIÓN | I11: VALOR MENSUAL Y/O PRIMA DE LOCALIZACION | J11: VALOR PARCIAL
B13: Gastos de viaje | F13: und | G13: 1 | H13: =I4 -> 0.00038841162 | I13: 800000 | J13: =I13*H13*G13 -> 310.7293
B14: Vehículo doble tracción, doble cabina, 2400 CC o superior (modelo 2015 o superior) tarifa de alquiler tiempo completo, incluye combustible y conductor. Se debe garantizar permanencia de los vehículos durante toda la ejecución del proyecto. | F14: Und | G14: 0.06 | H14: =H13 -> 0.00038841162 | I14: 5000000 | J14: =I14*H14*G14 -> 116.52349
B15: Fotocopias, edición de informes, registro, fotográficos, planos y otros | F15: und | G15: 1 | H15: =H14 -> 0.00038841162 | I15: 100000 | J15: =I15*H15*G15 -> 38.841162
B16: Campamento para labores de campo | E16: I | F16: und | G16: 1 | H16: =H15 -> 0.00038841162 | I16: 1000000 | J16: =I16*H16*G16 -> 388.41162
B17: Toma de muestras y ensayos de laboratorios | F17: und | G17: 4 | H17: =H16 -> 0.00038841162 | I17: 450000 | J17: =I17*H17*G17 -> 699.14092
B18: SUBTOTAL OTROS COSTOS DIRECTOS | J18: =SUM(J14:J17) -> 1242.9172
A19: VALOR TOTAL COSTO DIRECTO | J19: =+J9+J18 -> 8500
A20: Elaboró:

Sheet ARQ
A1: ESTUDIOS Y DISEÑOS PARA LA CONSTRUCCIÓN DE EDIFICIO DE 5 PLANTAS CASA MAYA EN EL MUNICIPIO DE BURITICA ANTIOQUIA
A2: DISEÑO ARQUITECTONICO
A3: GRUPO 1. COSTOS DIRECTOS DE PERSONAL
A4: ENTREGABLE | B4: CARGO U OFICIO | C4: CANTIDAD | D4: SUELDO Y/O JORNAL MENSUAL | E4: DEDICACION MENSUAL | F4: PLAZO DE EJECUCIÓN (MESES) | G4: VALOR PARCIAL
A5: IV | B5: Director de consultoría | C5: 1 | D5: 8000000 | E5: 0.1 | F5: 0.0007867573 | G5: =+D5*E5*F5 -> 629.40584
B6: Arquitecto | C6: 1 | D6: 6000000 | E6: 1 | F6: =F5 -> 0.0007867573 | G6: =+F6*E6*D6*C6 -> 4720.5438
B7: SUBTOTAL COSTOS | G7: =+G5+G6 -> 5349.9496
B8: Factor multiplicador (FM) | G8: 2.16
B9: Costo personal con FM | G9: =+G7*G8 -> 11555.891
B11: DESCRIPCION | C11: UNIDAD | D11: CANTIDAD | E11: DEDICACIÓN | F11: VALOR MENSUAL Y/O PRIMA DE LOCALIZACION | G11: VALOR PARCIAL
B12: Gastos de viaje | C12: und | D12: 1 | E12: =F5 -> 0.0007867573 | F12: 800000 | G12: =D12*E12*F12 -> 629.40584
B13: Fotocopias, edición de informes registro, fotográficos, planos y otros | C13: und | D13: 1 | E13: =E12 -> 0.0007867573 | F13: 100000 | G13: =D13*E13*F13 -> 78.67573
B14: Vehículo doble tracción, doble cabina 2400 CC o superior (modelo 2015 o superior) tarifa de alquiler tiempo completo, incluye combustible y conductor. Se debe garantizar permanencia de los vehículos durante toda la ejecución del proyecto . | C14: Und | D14: 0.06 | E14: =E13 -> 0.0007867573 | F14: 5000000 | G14: =D14*E14*F14 -> 236.02719
B15: SUBTOTAL OTROS COSTOS DIRECTOS | G15: =+G13+G14+G12 -> 944.10876
A16: VALOR TOTAL COSTO DIRECTO | G16: =+G9+G15 -> 12500
A17: Elaboró:

Sheet ESTR
A1: ESTUDIOS Y DISEÑOS PARA LA CONSTRUCCIÓN DE EDIFICIO DE 5 PLANTAS CASA MAYA EN EL MUNICIPIO DE BURITICA ANTIOQUIA
A2: DISEÑO ESTRCUTURAL
A3: GRUPO 1. COSTOS DIRECTOS DE PERSONAL
A4: ENTREGABLE | B4: CARGO U OFICIO | C4: CANTIDAD | D4: SUELDO Y/O JORNAL MENSUAL | E4: DEDICACION MENSUAL | F4: PLAZO DE EJECUCIÓN (MESES) | G4: VALOR PARCIAL
A5: IV | B5: Director de consultoría | C5: 1 | D5: 8000000 | E5: 0.1 | F5: 0.0007867573 | G5: =+D5*E5*F5 -> 629.40584
B6: Ingeniero Estrcutural | C6: 1 | D6: 6000000 | E6: 1 | F6: =F5 -> 0.0007867573 | G6: =+F6*E6*D6*C6 -> 4720.5438
B7: SUBTOTAL COSTOS | G7: =+G5+G6 -> 5349.9496
B8: Factor multiplicador (FM) | G8: 2.16
B9: Costo personal con FM | G9: =+G7*G8 -> 11555.891
B11: DESCRIPCION | C11: UNIDAD | D11: CANTIDAD | E11: DEDICACIÓN | F11: VALOR MENSUAL Y/O PRIMA DE LOCALIZACION | G11: VALOR PARCIAL
B12: Gastos de viaje | C12: Und | D12: 1 | E12: =F5 -> 0.0007867573 | F12: 800000 | G12: =D12*E12*F12 -> 629.40584
B13: Fotocopias, edición de informes registro, fotográficos, planos y otros | C13: Und | D13: 1 | E13: =E12 -> 0.0007867573 | F13: 100000 | G13: =D13*E13*F13 -> 78.67573
B14: Vehículo doble tracción, doble cabina 2400 CC o superior (modelo 2015 o superior) tarifa de alquiler tiempo completo, incluye combustible y conductor. Se debe garantizar permanencia de los vehículos durante toda la ejecución del proyecto . | C14: Und | D14: 0.06 | E14: =E13 -> 0.0007867573 | F14: 5000000 | G14: =D14*E14*F14 -> 236.02719
B15: SUBTOTAL OTROS COSTOS DIRECTOS | G15: =+G13+G14+G12 -> 944.10876
A16: VALOR TOTAL COSTO DIRECTO | G16: =+G9+G15 -> 12500
A17: Elaboró:

Sheet ELECTRICO
A1: ESTUDIOS Y DISEÑOS PARA LA CONSTRUCCIÓN DE EDIFICIO DE 5 PLANTAS CASA MAYA EN EL MUNICIPIO DE BURITICA ANTIOQUIA
A2: DISEÑO ELECTRICO
A3: GRUPO 1. COSTOS DIRECTOS DE PERSONAL
A4: ENTREGABLE | B4: CARGO U OFICIO | C4: CANTIDAD | D4: SUELDO Y/O JORNAL MENSUAL | E4: DEDICACION MENSUAL | F4: PLAZO DE EJECUCIÓN (MESES) | G4: VALOR PARCIAL
A5: IV | B5: Director de consultoría | C5: 1 | D5: 8000000 | E5: 0.1 | F5: 0.00072381672 | G5: =+D5*E5*F5 -> 579.05337
B6: Ingeniero Electrico | C6: 1 | D6: 6000000 | E6: 1 | F6: =F5 -> 0.00072381672 | G6: =+F6*E6*D6*C6 -> 4342.9003
B7: SUBTOTAL COSTOS | G7: =+G5+G6 -> 4921.9537
B8: Factor multiplicador (FM) | G8: 2.16
B9: Costo personal con FM | G9: =+G7*G8 -> 10631.42
B10: ROS COSTOS DIRECTOS
B11: DESCRIPCION | C11: UNIDAD | D11: CANTIDAD | E11: DEDICACIÓN | F11: VALOR MENSUAL Y/O PRIMA DE LOCALIZACION | G11: VALOR PARCIAL
B12: Gastos de viaje | C12: Und | D12: 1 | E12: =F5 -> 0.00072381672 | F12: 800000 | G12: =D12*E12*F12 -> 579.05337
B13: Fotocopias, edición de informes registro, fotográficos, planos y otros | C13: Und | D13: 1 | E13: =E12 -> 0.00072381672 | F13: 100000 | G13: =D13*E13*F13 -> 72.381672
B14: Vehículo doble tracción, doble cabina 2400 CC o superior (modelo 2015 o superior) tarifa de alquiler tiempo completo, incluye combustible y conductor. Se debe garantizar permanencia de los vehículos durante toda la ejecución del proyecto . | C14: Und | D14: 0.06 | E14: =E13 -> 0.00072381672 | F14: 5000000 | G14: =D14*E14*F14 -> 217.14502
B15: SUBTOTAL OTROS COSTOS DIRECTOS | G15: =+G13+G14+G12 -> 868.58006
A16: VALOR TOTAL COSTO DIRECTO | G16: =+G9+G15 -> 11500
A17: Elaboró:

Sheet HIDRO
A1: ESTUDIOS Y DISEÑOS PARA LA CONSTRUCCIÓN DE EDIFICIO DE 5 PLANTAS CASA MAYA EN EL MUNICIPIO DE BURITICA ANTIOQUIA
A2: DISEÑO HIDROSANITARIO
A3: GRUPO 1. COSTOS DIRECTOS DE PERSONAL
A4: ENTREGABLE | B4: CARGO U OFICIO | C4: CANTIDAD | D4: SUELDO Y/O JORNAL MENSUAL | E4: DEDICACION MENSUAL | F4: PLAZO DE EJECUCIÓN (MESES) | G4: VALOR PARCIAL
A5: IV | B5: Director de consultoría | C5: 1 | D5: 8000000 | E5: 0.1 | F5: 0.00072381672 | G5: =+D5*E5*F5 -> 579.05337
B6: Ingeniero Hidrosanitario | C6: 1 | D6: 6000000 | E6: 1 | F6: =F5 -> 0.00072381672 | G6: =+F6*E6*D6*C6 -> 4342.9003
B7: SUBTOTAL COSTOS | G7: =+G5+G6 -> 4921.9537
B8: Factor multiplicador (FM) | G8: 2.16
B9: Costo personal con FM | G9: =+G7*G8 -> 10631.42
B11: DESCRIPCION | C11: UNIDAD | D11: CANTIDAD | E11: DEDICACIÓN | F11: VALOR MENSUAL Y/O PRIMA DE LOCALIZACION | G11: VALOR PARCIAL
B12: Gastos de viaje | C12: Und | D12: 1 | E12: =F5 -> 0.00072381672 | F12: 800000 | G12: =D12*E12*F12 -> 579.05337
B13: Fotocopias, edición de informes registro, fotográficos, planos y otros | C13: Und | D13: 1 | E13: =E12 -> 0.00072381672 | F13: 100000 | G13: =D13*E13*F13 -> 72.381672
B14: Vehículo doble tracción, doble cabina 2400 CC o superior (modelo 2015 o superior) tarifa de alquiler tiempo completo, incluye combustible y conductor. Se debe garantizar permanencia de los vehículos durante toda la ejecución del proyecto . | C14: Und | D14: 0.06 | E14: =E13 -> 0.00072381672 | F14: 5000000 | G14: =D14*E14*F14 -> 217.14502
B15: SUBTOTAL OTROS COSTOS DIRECTOS | G15: =+G13+G14+G12 -> 868.58006
A16: VALOR TOTAL COSTO DIRECTO | G16: =+G9+G15 -> 11500
A17: Elaboró:

Sheet ANALISIS DE RIESGO
A1: ESTUDIOS Y DISEÑOS PARA LA CONSTRUCCIÓN DE EDIFICIO DE 5 PLANTAS CASA MAYA EN EL MUNICIPIO DE BURITICA ANTIOQUIA
A2: PRESUPUESTO
A3: GRUPO 1. COSTOS DIRECTOS DE PERSONAL
A4: ENTREGABLE | B4: CARGO U OFICIO | C4: CANTIDAD | D4: SUELDO Y/O JORNAL MENSUAL | E4: DEDICACION MENSUAL | F4: PLAZO DE EJECUCIÓN (MESES) | G4: VALOR PARCIAL
A5: IV | B5: Director de consultoría | C5: 1 | D5: 8000000 | E5: 0.1 | F5: 0.15735146 | G5: =+D5*E5*F5 -> 125881.17
B6: Ingeniero Ambiental | C6: 1 | D6: 6000000 | E6: 1 | F6: =F5 -> 0.15735146 | G6: =+F6*E6*D6*C6 -> 944108.76
B7: SUBTOTAL COSTOS | G7: =+G5+G6 -> 1069989.9
B8: Factor multiplicador (FM) | G8: 2.16
B9: Costo personal con FM | G9: =+G7*G8 -> 2311178.2
B11: DESCRIPCION | C11: UNIDAD | D11: CANTIDAD | E11: DEDICACIÓN | F11: VALOR MENSUAL Y/O PRIMA DE LOCALIZACION | G11: VALOR PARCIAL
B12: Gastos de viaje | C12: Und | D12: 1 | E12: =F5 -> 0.15735146 | F12: 800000 | G12: =D12*E12*F12 -> 125881.17
B13: Fotocopias, edición de informes registro, fotográficos, planos y otros | C13: Und | D13: 1 | E13: =E12 -> 0.15735146 | F13: 100000 | G13: =D13*E13*F13 -> 15735.146
B14: Vehículo doble tracción, doble cabina 2400 CC o superior (modelo 2015 o superior) tarifa de alquiler tiempo completo, incluye combustible y conductor. Se debe garantizar permanencia de los vehículos durante toda la ejecución del proyecto . | C14: Und | D14: 0.06 | E14: =E13 -> 0.15735146 | F14: 5000000 | G14: =D14*E14*F14 -> 47205.438
B15: SUBTOTAL OTROS COSTOS DIRECTOS | G15: =+G13+G14+G12 -> 188821.75
A16: VALOR TOTAL COSTO DIRECTO | G16: =+G9+G15 -> 2500000
A17: Elaboró:

Sheet PMA
A1: ESTUDIOS Y DISEÑOS PARA LA CONSTRUCCIÓN DE EDIFICIO DE 5 PLANTAS CASA MAYA EN EL MUNICIPIO DE BURITICA ANTIOQUIA
A2: PRESUPUESTO
A3: GRUPO 1. COSTOS DIRECTOS DE PERSONAL
A4: ENTREGABLE | B4: CARGO U OFICIO | C4: CANTIDAD | D4: SUELDO Y/O JORNAL MENSUAL | E4: DEDICACION MENSUAL | F4: PLAZO DE EJECUCIÓN (MESES) | G4: VALOR PARCIAL
A5: IV | B5: Director de consultoría | C5: 1 | D5: 8000000 | E5: 0.1 | F5: 0.22029204 | G5: =+D5*E5*F5 -> 176233.64
B6: Ingeniero Ambiental | C6: 1 | D6: 6000000 | E6: 1 | F6: =F5 -> 0.22029204 | G6: =+F6*E6*D6*C6 -> 1321752.3
B7: SUBTOTAL COSTOS | G7: =+G5+G6 -> 1497985.9
B8: Factor multiplicador (FM) | G8: 2.16
B9: Costo personal con FM | G9: =+G7*G8 -> 3235649.5
B11: DESCRIPCION | C11: UNIDAD | D11: CANTIDAD | E11: DEDICACIÓN | F11: VALOR MENSUAL Y/O PRIMA DE LOCALIZACION | G11: VALOR PARCIAL
B12: Gastos de viaje | C12: Und | D12: 1 | E12: =F5 -> 0.22029204 | F12: 800000 | G12: =D12*E12*F12 -> 176233.64
B13: Fotocopias, edición de informes registro, fotográficos, planos y otros | C13: Und | D13: 1 | E13: =E12 -> 0.22029204 | F13: 100000 | G13: =D13*E13*F13 -> 22029.204
B14: Vehículo doble tracción, doble cabina 2400 CC o superior (modelo 2015 o superior) tarifa de alquiler tiempo completo, incluye combustible y conductor. Se debe garantizar permanencia de los vehículos durante toda la ejecución del proyecto . | C14: Und | D14: 0.06 | E14: =E13 -> 0.22029204 | F14: 5000000 | G14: =D14*E14*F14 -> 66087.613
B15: SUBTOTAL OTROS COSTOS DIRECTOS | G15: =+G13+G14+G12 -> 264350.45
A16: VALOR TOTAL COSTO DIRECTO | G16: =+G9+G15 -> 3500000
A17: Elaboró:

Sheet ESPECIFICACIONES TECNICAS
A1: ESTUDIOS Y DISEÑOS PARA LA CONSTRUCCIÓN DE EDIFICIO DE 5 PLANTAS CASA MAYA EN EL MUNICIPIO DE BURITICA ANTIOQUIA
A2: PRESUPUESTO
A3: GRUPO 1. COSTOS DIRECTOS DE PERSONAL
A4: ENTREGABLE | B4: CARGO U OFICIO | C4: CANTIDAD | D4: SUELDO Y/O JORNAL MENSUAL | E4: DEDICACION MENSUAL | F4: PLAZO DE EJECUCIÓN (MESES) | G4: VALOR PARCIAL
A5: IV | B5: Director de consultoría | C5: 1 | D5: 8000000 | E5: 0.1 | F5: 0.14161631 | G5: =+D5*E5*F5 -> 113293.05
B6: Ingeniero Civil Costos y presupuestos | C6: 1 | D6: 6000000 | E6: 1 | F6: =F5 -> 0.14161631 | G6: =+F6*E6*D6*C6 -> 849697.89
B7: SUBTOTAL COSTOS | G7: =+G5+G6 -> 962990.94
B8: Factor multiplicador (FM) | G8: 2.16
B9: Costo personal con FM | G9: =+G7*G8 -> 2080060.4
B11: DESCRIPCION | C11: UNIDAD | D11: CANTIDAD | E11: DEDICACIÓN | F11: VALOR MENSUAL Y/O PRIMA DE LOCALIZACION | G11: VALOR PARCIAL
B12: Gastos de viaje | C12: Und | D12: 1 | E12: =F5 -> 0.14161631 | F12: 800000 | G12: =D12*E12*F12 -> 113293.05
B13: Fotocopias, edición de informes registro, fotográficos, planos y otros | C13: Und | D13: 1 | E13: =E12 -> 0.14161631 | F13: 100000 | G13: =D13*E13*F13 -> 14161.631
B14: Vehículo doble tracción, doble cabina 2400 CC o superior (modelo 2015 o superior) tarifa de alquiler tiempo completo, incluye combustible y conductor. Se debe garantizar permanencia de los vehículos durante toda la ejecución del proyecto . | C14: Und | D14: 0.06 | E14: =E13 -> 0.14161631 | F14: 5000000 | G14: =D14*E14*F14 -> 42484.894
B15: SUBTOTAL OTROS COSTOS DIRECTOS | G15: =+G13+G14+G12 -> 169939.58
A16: VALOR TOTAL COSTO DIRECTO | G16: =+G9+G15 -> 2250000
A17: Elaboró:

Sheet P. SOSTENIBILIDAD
A1: ESTUDIOS Y DISEÑOS PARA LA CONSTRUCCIÓN DE EDIFICIO DE 5 PLANTAS CASA MAYA EN EL MUNICIPIO DE BURITICA ANTIOQUIA
A2: PRESUPUESTO
A3: GRUPO 1. COSTOS DIRECTOS DE PERSONAL
A4: ENTREGABLE | B4: CARGO U OFICIO | C4: CANTIDAD | D4: SUELDO Y/O JORNAL MENSUAL | E4: DEDICACION MENSUAL | F4: PLAZO DE EJECUCIÓN (MESES) | G4: VALOR PARCIAL
A5: IV | B5: Director de consultoría | C5: 1 | D5: 8000000 | E5: 0.1 | F5: 0.14161631 | G5: =+D5*E5*F5 -> 113293.05
B6: Ingeniero Civil Costos y presupuestos | C6: 1 | D6: 6000000 | E6: 1 | F6: =F5 -> 0.14161631 | G6: =+F6*E6*D6*C6 -> 849697.89
B7: SUBTOTAL COSTOS | G7: =+G5+G6 -> 962990.94
B8: Factor multiplicador (FM) | G8: 2.16
B9: Costo personal con FM | G9: =+G7*G8 -> 2080060.4
B11: DESCRIPCION | C11: UNIDAD | D11: CANTIDAD | E11: DEDICACIÓN | F11: VALOR MENSUAL Y/O PRIMA DE LOCALIZACION | G11: VALOR PARCIAL
B12: Gastos de viaje | C12: Und | D12: 1 | E12: =F5 -> 0.14161631 | F12: 800000 | G12: =D12*E12*F12 -> 113293.05
B13: Fotocopias, edición de informes registro, fotográficos, planos y otros | C13: Und | D13: 1 | E13: =E12 -> 0.14161631 | F13: 100000 | G13: =D13*E13*F13 -> 14161.631
B14: Vehículo doble tracción, doble cabina 2400 CC o superior (modelo 2015 o superior) tarifa de alquiler tiempo completo, incluye combustible y conductor. Se debe garantizar permanencia de los vehículos durante toda la ejecución del proyecto . | C14: Und | D14: 0.06 | E14: =E13 -> 0.14161631 | F14: 5000000 | G14: =D14*E14*F14 -> 42484.894
B15: SUBTOTAL OTROS COSTOS DIRECTOS | G15: =+G13+G14+G12 -> 169939.58
A16: VALOR TOTAL COSTO DIRECTO | G16: =+G9+G15 -> 2250000
A17: Elaboró:

Sheet PRESUPUESTO
A1: ESTUDIOS Y DISEÑOS PARA LA CONSTRUCCIÓN DE EDIFICIO DE 5 PLANTAS CASA MAYA EN EL MUNICIPIO DE BURITICA ANTIOQUIA
A2: PRESUPUESTO
A3: GRUPO 1. COSTOS DIRECTOS DE PERSONAL
A4: ENTREGABLE | B4: CARGO U OFICIO | C4: CANTIDAD | D4: SUELDO Y/O JORNAL MENSUAL | E4: DEDICACION MENSUAL | F4: PLAZO DE EJECUCIÓN (MESES) | G4: VALOR PARCIAL
A5: IV | B5: Director de consultoría | C5: 1 | D5: 8000000 | E5: 0.1 | F5: 0.31470292 | G5: =+D5*E5*F5 -> 251762.34
B6: Ingeniero Civil Costos y presupuestos | C6: 1 | D6: 6000000 | E6: 1 | F6: =F5 -> 0.31470292 | G6: =+F6*E6*D6*C6 -> 1888217.5
B7: SUBTOTAL COSTOS | G7: =+G5+G6 -> 2139979.9
B8: Factor multiplicador (FM) | G8: 2.16
B9: Costo personal con FM | G9: =+G7*G8 -> 4622356.5
B11: DESCRIPCION | C11: UNIDAD | D11: CANTIDAD | E11: DEDICACIÓN | F11: VALOR MENSUAL Y/O PRIMA DE LOCALIZACION | G11: VALOR PARCIAL
B12: Gastos de viaje | C12: Und | D12: 1 | E12: =F5 -> 0.31470292 | F12: 800000 | G12: =D12*E12*F12 -> 251762.34
B13: Fotocopias, edición de informes registro, fotográficos, planos y otros | C13: Und | D13: 1 | E13: =E12 -> 0.31470292 | F13: 100000 | G13: =D13*E13*F13 -> 31470.292
B14: Vehículo doble tracción, doble cabina 2400 CC o superior (modelo 2015 o superior) tarifa de alquiler tiempo completo, incluye combustible y conductor. Se debe garantizar permanencia de los vehículos durante toda la ejecución del proyecto . | C14: Und | D14: 0.06 | E14: =E13 -> 0.31470292 | F14: 5000000 | G14: =D14*E14*F14 -> 94410.876
B15: SUBTOTAL OTROS COSTOS DIRECTOS | G15: =+G13+G14+G12 -> 377643.5
A16: VALOR TOTAL COSTO DIRECTO | G16: =+G9+G15 -> 5000000
A17: Elaboró:

Sheet Palacio
A1: COSTOS FORMULACIÓN DE PROYECTO, CONSTRUCCIÓN DE NUEVO PALACIO MUNICIPAL DEL MUNICIPIO DE BURITICA ANTIOQUIA
A2: ITEM | B2: DESCRIPCIÓN | C2: UNIDAD | D2: CANTIDAD | E2: VR UNITARIO | F2: VR TOTAL
A3: 1 | B3: Formulación del proyecto
A4: 1.1 | B4: Levantamiento de Información | F4: =SUM(F5:F6) -> 21500000
A5: 1.1.1 | B5: Levantamiento Topografico | C5: und | D5: 1 | E5: 7500000 | F5: =E5*D5 -> 7500000
A6: 1.1.2 | B6: Estudio de Suelos | C6: und | D6: 1 | E6: 14000000 | F6: =E6*D6 -> 14000000
A7: 1.2 | B7: Diseños | F7: =SUM(F8:F11) -> 72299500
A8: 1.2.1 | B8: Diseño Arquitectónico | C8: m2 | D8: 1059 | E8: 13500 | F8: =E8*D8 -> 14296500
A9: 1.2.2 | B9: Diseño Estructural | C9: m2 | D9: 1059 | E9: 17000 | F9: =E9*D9 -> 18003000
A10: 1.2.3 | B10: Diseño Elétrico | C10: und | D10: 1 | E10: 22500000 | F10: =E10*D10 -> 22500000
A11: 1.2.4 | B11: Diseño Hidrosanitario | C11: und | D11: 1 | E11: 17500000 | F11: =E11*D11 -> 17500000
A12: 1.3 | B12: Formulación | F12: =SUM(F13:F16) -> 18489839
A13: 1.3.2 | B13: MGA y Documento técnico | C13: und | D13: 1 | E13: 3000000 | F13: =E13*D13 -> 3000000
A14: 1.3.4 | B14: PMA | C14: und | D14: 1 | E14: 5000000 | F14: =E14*D14 -> 5000000
A15: 1.3.5 | B15: Especificaciones técnicas de construcción | C15: und | D15: 1 | E15: 4000000 | F15: =E15*D15 -> 4000000
A16: 1.3.6 | B16: Presupuesto | C16: und | D16: 1 | E16: =6000000+489839 -> 6489839 | F16: =E16*D16 -> 6489839
A17: SUBTOTAL | F17: =F4+F7+F12 -> 112289339
A18: IVA 19% | F18: =F17*0.19 -> 21334974 | I18: =+F17-H19 -> -0.28
A19: TOTAL | F19: =F17+F18 -> 1.3362431e+08 | H19: 1.1228934e+08
